 Dungeon Crawl Stone Soup version 0.31-a0-1005-gfbdfbacc72 (webtiles) character file.

Game seed: 17579144226369040609

16453 BinkBink the Eclecticist (level 12, -12/63 HPs)
             Began as a Djinni Air Elementalist on Nov 11, 2023.
             Was an Elder of Hepliaklqana.
             Killed from afar by Lodul (34 damage)
             ... with a bolt of lightning
             ... on level 12 of the Dungeon.
             The game lasted 00:40:03 (12162 turns).

BinkBink the Eclecticist (Djinni Air Elementalist) Turns: 12162, Time: 00:40:03

Health: -12/63     AC:  8    Str:  9    XL:     12   Next: 70%
Gold:   541        EV: 17    Int: 24    God:    Hepliaklqana [****..] SH:  0 Dex: 15

rFire   + + +        L - +8 frozen axe "Frostbite" {freeze, freezing cloud, *Noise Fly rC+}
rCold   x . .        (shield currently unavailable)
rNeg    + . .        s - +2 robe of Oblivion {rF+ Str+2 Stlth+}
rPois   ∞            (no helmet)
rElec   .            H - +2 cloak {rCorr}
rCorr   +            d - +0 pair of gloves
SInv    +            (boots unavailable)
Will    +....        I - amulet of regeneration
Stlth   +++          f - ring "Wasaust" {rC- rN+ Int+3 SInv}
HPRegen 1.10/turn    G - +5 ring of evasion
MPRegen 0.00/turn

%: infuse magic (-13 HP)
@: swift, flying, very quick
A: reduced essence, sickness immunity, fire resistance 2, cold vulnerability 1,
float, innate caster, HP casting, extra vitality 1
a: Renounce Religion, Recall Ancestor, Ancestor Identity, Transference, Idealise


You were on level 12 of the Dungeon.
You worshipped Hepliaklqana.
Hepliaklqana was greatly pleased with you.
You visited 1 branch of the dungeon, and saw 12 of its levels.
You also visited: Bailey.

You collected 666 gold pieces.
You spent 125 gold pieces at shops.

Inventory:

Hand Weapons
 L - the +8 frozen axe "Frostbite" (weapon) {freeze, freezing cloud, *Noise Fly rC+}
   (You found it on level 8 of the Dungeon)

   rC+:       It protects you from cold.
   Fly:       It grants you flight.
   *Noise:    It may make a loud noise when swung.
Missiles
 J - a throwing net
Armour
 d - a +0 pair of gloves (worn)
 s - the +2 robe of Oblivion (worn) {rF+ Str+2 Stlth+}
   (You found it on level 4 of the Dungeon)

   Str+2:     It affects your strength (+2).
   rF+:       It protects you from fire.
   Stlth+:    It makes you more stealthy.
 D - a +4 plate armour of fire resistance
 H - a +2 cloak of preservation (worn)
Jewellery
 f - the ring "Wasaust" (left hand) {rC- rN+ Int+3 SInv}
   (You found it on level 2 of the Dungeon)

   [ring of positive energy]

   Int+3:     It affects your intelligence (+3).
   rC-:       It makes you vulnerable to cold.
   rN+:       It protects you from negative energy.
   SInv:      It lets you see invisible.
 m - a ring of resist corrosion
 v - a ring of fire
 C - a ring of ice
 G - a +5 ring of evasion (right hand)
 I - an amulet of regeneration (around neck)
 M - the ring of Leesuir {rN+ Str+5}
   (You took it off a kobold brigand on level 9 of the Dungeon)

   [ring of positive energy]

   Str+5:     It affects your strength (+5).
   rN+:       It protects you from negative energy.
 Q - a ring of wizardry
Wands
 p - a wand of flame (29)
 B - a wand of iceblast (15)
 E - a wand of quicksilver (24)
 N - a wand of mindburst (8)
Scrolls
 b - 5 scrolls of revelation {unknown}
 e - 5 scrolls of fog {unknown}
 g - 3 scrolls of identify {unknown}
 h - 2 scrolls of blinking {unknown}
 l - 2 scrolls of noise {unknown}
 n - 2 scrolls of fear {unknown}
 o - a scroll of poison {unknown}
 t - 3 scrolls of immolation {unknown}
 y - 3 scrolls of vulnerability {unknown}
 F - 2 scrolls of enchant armour {unknown}
 K - 2 scrolls of teleportation {unknown}
 P - a scroll of torment {unknown}
Potions
 a - 2 potions of curing {unknown}
 c - 3 potions of brilliance {unknown}
 i - 2 potions of resistance {unknown}
 j - 3 potions of enlightenment {unknown}
 k - 4 potions of lignification {unknown}
 q - 2 potions of mutation {unknown}
 r - 2 potions of berserk rage {unknown}
 u - 3 potions of magic {unknown}
 w - 3 potions of heal wounds
 x - 5 potions of haste {unknown}
 z - 4 potions of degeneration {unknown}
 A - 3 potions of cancellation {unknown}
 O - a potion of might {unknown}


   Skills:
 - Level 2.1 Dodging
 - Level 1.5 Stealth
 + Level 15.0 Spellcasting
 + Level 15.0 Conjurations
 + Level 15.0 Hexes
 + Level 15.0 Summonings
 + Level 15.0 Necromancy
 + Level 15.0 Translocations
 + Level 15.0 Transmutations
 + Level 15.0 Fire Magic
 + Level 15.0 Ice Magic
 + Level 15.0 Air Magic
 + Level 15.0 Earth Magic
 + Level 15.0 Poison Magic


You knew the following spells:

 Your Spells              Type           Power      Damage    Failure   Level
a - Shock                 Conj/Air       100%       1d9       0%          1
b - Static Discharge      Conj/Air       100%       3-8/arc   0%          2
c - Swiftness             Air            74%        N/A       1%          3
d - Airstrike             Air            37%        2d(6-22)  1%          4
e - Foxfire               Conj/Fire      100%       2x1d9     0%          1
f - Momentum Strike       Conj/Tloc      100%       3d10      0%          2
g - Hailstorm             Conj/Ice       74%        3d15      1%          3
h - Stone Arrow           Conj/Erth      100%       3d13      1%          3
i - Yara's Violent Unrav  Hex/Tmut       37%        3d15      1%          5
Your spell library was empty.

Dungeon Overview and Level Annotations

Branches:
Dungeon (12/15)            Temple (0/1) D:4            Lair (0/5) D:8
 Bailey (visited)
    Orc: D:9-12

Altars:
Cheibriados
Elyvilon
Fedhas
Hepliaklqana
Okawaru
Ru
Zin
The Shining One

Shops:
D:4 *   D:5 *(!(   D:7 :   D:10 !   D:11 !

Annotations:
D:12 Lodul


Innate Abilities, Weirdness & Mutations

Your life essence is reduced to manifest your ancestor. (-10% HP)
You are immune to sickness and miasma.
You are immune to poison.
Your flesh is very heat resistant. (rF++)
You are vulnerable to cold. (rC-)
You float through the air rather than walking.
You learn spells naturally, not from books.
Your magical power is your life essence.
You have superior vitality. (+4 MHP)


Message History

You kill the ogre!
An ogre comes into view. It is wielding a +0 giant club.
Casting: Airstrike (safe; 1% risk of failure)
Confirm with . or Enter, or press ? or * to list all spells.
Aiming: Airstrike (safe; 1% risk of failure)
Press: ? - help, Dir - move target, f - ogre
Aim: an ogre, wielding a +0 giant club (ally target, empty space bonus: 7/8)
The air twists around and strikes the ogre!
The ogre is heavily wounded.
Servia hits the ogre with a +0 flail!
The ogre dies!
An ogre comes into view. It is wielding a +0 giant club.
Casting: Airstrike (safe; 1% risk of failure)
Confirm with . or Enter, or press ? or * to list all spells.
Aiming: Airstrike (safe; 1% risk of failure)
Press: ? - help, Dir - move target, f - ogre
Aim: an ogre, wielding a +0 giant club (empty space bonus: 7/8)
The air twists around and strikes the ogre!!
The ogre is almost dead.
Casting: Airstrike (safe; 1% risk of failure)
Confirm with . or Enter, or press ? or * to list all spells.
Aiming: Airstrike (safe; 1% risk of failure)
Press: ? - help, Dir - move target, f/p - ogre
Aim: an ogre, wielding a +0 giant club (almost dead, ally target, empty space bonus: 6/8)
The air twists around and strikes the ogre!!
You kill the ogre!
Servia blocks the ogre's attack.
Electricity crackles from Lodul's apparatus.
The bolt of lightning hits you!!
Okay, then.
Okay, then.
Casting: Airstrike (safe; 1% risk of failure)
Confirm with . or Enter, or press ? or * to list all spells.
You feel quick.
Servia hits the ogre with a +0 flail.
The ogre barely misses Servia.
Servia hits the ogre with a +0 flail.
Electricity crackles from Lodul's apparatus.
The bolt of lightning hits you!!
Ouch! That really hurt!
You die...

...######
.........##
....... ####....#
....... #..:.#
....... #....#
....... #....#
....... #....#
....).. #...##
...ORO.######...#
.)...O....@.....#
###########.....#
#..)..# #.....#
#.....# #######


You could see the friendly Servia the knight, Lodul and 2 ogres.

Vanquished Creatures
  Erica (D:9)
  5 two-headed ogres
  Pikel (D:9)
  2 cyclopes (D:12)
  A manticore (D:11)
  2 gargoyles
  Jeremiah (D:6)
  An unseen horror (D:12)
  A freezing wraith (D:8)
  An ice devil (D:8)
  A spriggan (D:10)
  2 vampires
  A wyvern (D:11)
  A wraith (D:12)
  10 yaks
  3 steam dragons
  6 vampire mosquitoes (D:11)
  Duvessa (D:6)
  4 acid dragons
  A water moccasin (D:7)
  2 orc warriors
  2 ice beasts
  3 ogres (D:12)
  6 centaurs
  2 lemures (D:9)
  A phantom (D:4)
  A bullfrog (D:9)
  A kobold brigand (D:9)
  2 gnoll sergeants (D:8)
  4 scorpions
  3 wights (D:8)
  Dowan (D:6)
  8 killer bees
  3 electric eels (D:11)
  7 vampire bats (Bailey)
  2 howler monkeys (D:9)
  2 wolf zombies (Bailey)
  A centaur zombie (D:6)
  5 orc priests
  2 hounds
  A centaur skeleton (D:6)
  A bullfrog skeleton (D:6)
  2 iguanas (D:4)
  Jessica (D:2)
  3 sleepcaps
  5 orc wizards
  A mummy (D:7)
  15 gnolls
  2 adders
  9 white imps
  2 worms (D:4)
  3 dart slugs
  18 orcs
  6 endoplasms
  7 giant cockroaches
  8 goblins
  3 hobgoblins
  5 kobolds
  3 quokkas
  8 ball pythons
  3 bats
  3 frilled lizards (D:1)
  12 orc zombies (Bailey)
  4 rats
229 creatures vanquished.

Vanquished Creatures (collateral kills)
  An ice devil (D:8)
  6 yaks
  A vampire mosquito (D:11)
  An orc warrior (D:10)
  An ogre (D:12)
  A centaur (D:8)
  A phantom (D:6)
  A gnoll sergeant (D:12)
  A water moccasin zombie (D:6)
  A wight (D:8)
  4 killer bees
  4 wolf zombies (Bailey)
  A jelly (D:7)
  A sleepcap (D:7)
  A centaur skeleton (D:6)
  3 orc wizards
  2 gnolls (D:7)
  7 orc zombies (Bailey)
  An adder (D:6)
  A white imp (D:8)
  9 orcs
49 creatures vanquished.

Vanquished Creatures (others)
  A knight (D:11)
  An orc (D:9)
  13 foxfires (D:8)
15 creatures vanquished.

Grand Total: 293 creatures vanquished

Notes
Turn   | Place    | Note
-------+----------+-------------------------------------------
     0 | D:1      | BinkBink the Djinni Air Elementalist began the quest for
                  | the Orb.
     0 | D:1      | BinkBink set off with the following spells memorised:
                  | Shock, Static Discharge, Swiftness, Airstrike.
     0 | D:1      | Reached XP level 1. HP: 15/15 MP: 0/0
   142 | D:1      | Reached XP level 2. HP: 19/21 MP: 0/0
   402 | D:1      | Reached XP level 3. HP: 5/25 MP: 0/0
   402 | D:1      | Learned a level 1 spell: Foxfire
   879 | D:2      | Identified the ring "Wasaust" {rC- rN+ Int+3 SInv}
  1130 | D:2      | Noticed Jessica
  1132 | D:2      | Killed Jessica
  1133 | D:2      | Reached XP level 4. HP: 29/31 MP: 0/0
  1753 | D:3      | Reached XP level 5. HP: 21/35 MP: 0/0
  1753 | D:3      | Learned a level 2 spell: Momentum Strike
  2346 | D:3      | Found a hazy altar of Hepliaklqana.
  2346 | D:3      | Found a white marble altar of Elyvilon.
  2418 | D:3      | Became a worshipper of Hepliaklqana the Forgotten
  2491 | D:3      | Found a sacrificial altar of Ru.
  2491 | D:3      | Found a glowing golden altar of the Shining One.
  2732 | D:4      | Identified the +2 robe of Oblivion {rF+ Str+2 Stlth+}
  2969 | D:4      | Found Zooco's Mass Market.
  3012 | D:4      | Found a staircase to the Ecumenical Temple.
  3095 | D:4      | Noticed a phantom
  3104 | D:4      | Killed a phantom
  3105 | D:4      | Reached skill level 5 in Spellcasting
  3105 | D:4      | Reached skill level 5 in Conjurations
  3105 | D:4      | Reached skill level 5 in Hexes
  3105 | D:4      | Reached skill level 5 in Summonings
  3105 | D:4      | Reached skill level 5 in Necromancy
  3105 | D:4      | Reached skill level 5 in Translocations
  3105 | D:4      | Reached skill level 5 in Transmutations
  3105 | D:4      | Reached skill level 5 in Fire Magic
  3105 | D:4      | Reached skill level 5 in Ice Magic
  3105 | D:4      | Reached skill level 5 in Air Magic
  3105 | D:4      | Reached skill level 5 in Earth Magic
  3105 | D:4      | Reached skill level 5 in Poison Magic
  3105 | D:4      | Reached XP level 6. HP: 25/40 MP: 0/0
  3207 | D:4      | Found a glowing silver altar of Zin.
  3846 | D:5      | Entered Level 5 of the Dungeon
  3967 | D:5      | Reached XP level 7. HP: 34/45 MP: 0/0
  3967 | D:5      | Learned a level 3 spell: Hailstorm
  4035 | D:5      | Reached * piety under Hepliaklqana
  4088 | D:5      | Found Fuvimm's Assorted Antiques.
  4094 | D:5      | Bought 2 murky emerald potions for 34 gold pieces
  4094 | D:5      | Bought a sapphire potion for 17 gold pieces
  4094 | D:5      | Bought a scroll labelled HAT YROSHE for 19 gold pieces
  4226 | D:5      | Found Oryecs's Weapon Shoppe.
  4287 | D:5      | Found Tayrghote's Weapon Shoppe.
  4419 | D:5      | Found Goucsu Ystie's Distillery.
  4686 | D:5      | Found an iron altar of Okawaru.
  4850 | D:6      | Reached XP level 8. HP: 41/45 MP: 0/0
  5170 | D:6      | Noticed Duvessa
  5170 | D:6      | Noticed Dowan
  5367 | D:6      | Noticed Jeremiah
  5370 | D:6      | Killed Jeremiah
  5574 | D:6      | Found a blossoming altar of Fedhas.
  5710 | D:6      | Killed Duvessa
  5711 | D:6      | Reached XP level 9. HP: 29/49 MP: 0/0
  5711 | D:6      | Learned a level 3 spell: Stone Arrow
  5716 | D:6      | Killed Dowan
  5914 | D:6      | Reached ** piety under Hepliaklqana
  5915 | D:6      | Remembered your ancestor Servia as a knight
  6246 | D:7      | Found Paunyl's Tremendous Tomes.
  6310 | D:7      | Found a flagged portal.
  6323 | Bailey   | Entered a bailey
  6535 | Bailey   | Reached skill level 10 in Spellcasting
  6535 | Bailey   | Reached skill level 10 in Conjurations
  6535 | Bailey   | Reached skill level 10 in Hexes
  6535 | Bailey   | Reached skill level 10 in Summonings
  6535 | Bailey   | Reached skill level 10 in Necromancy
  6535 | Bailey   | Reached skill level 10 in Translocations
  6535 | Bailey   | Reached skill level 10 in Transmutations
  6535 | Bailey   | Reached skill level 10 in Fire Magic
  6535 | Bailey   | Reached skill level 10 in Ice Magic
  6535 | Bailey   | Reached skill level 10 in Air Magic
  6535 | Bailey   | Reached skill level 10 in Earth Magic
  6535 | Bailey   | Reached skill level 10 in Poison Magic
  6668 | Bailey   | Noticed a gargoyle
  6673 | Bailey   | Killed a gargoyle
  6674 | Bailey   | Reached XP level 10. HP: 42/54 MP: 0/0
  7277 | D:7      | Found a snail-covered altar of Cheibriados.
  8296 | D:8      | Reached *** piety under Hepliaklqana
  8512 | D:8      | Noticed an ice devil
  8519 | D:8      | Noticed an ice devil
  8520 | D:8      | Noticed a freezing wraith
  8522 | D:8      | Killed an ice devil
  8553 | D:8      | Killed a freezing wraith
  8554 | D:8      | Reached XP level 11. HP: 51/58 MP: 0/0
  8554 | D:8      | Learned a level 5 spell: Yara's Violent Unravelling
  8677 | D:8      | Found a staircase to the Lair.
  8898 | D:8      | Found the +8 frozen axe "Frostbite" {freeze, freezing
                  | cloud, *Noise Fly rC+}
  8976 | D:9      | Noticed Pikel
  9104 | D:9      | Killed Pikel
  9171 | D:9      | Noticed a two-headed ogre
  9176 | D:9      | Killed a two-headed ogre
  9289 | D:9      | Noticed Erica
  9293 | D:9      | Killed Erica
  9307 | D:9      | Identified the ring of Leesuir {rN+ Str+5}
  9689 | D:10     | Entered Level 10 of the Dungeon
 10196 | D:10     | Reached **** piety under Hepliaklqana
 10409 | D:10     | Found Gogu's Distillery.
 10889 | D:11     | Reached XP level 12. HP: 60/63 MP: 0/0
 11046 | D:11     | Found Ystippiggy's Distillery.
 11055 | D:11     | Bought a potion of heal wounds for 55 gold pieces
 11136 | D:11     | Noticed a two-headed ogre
 11136 | D:11     | Noticed a two-headed ogre
 11142 | D:11     | Killed a two-headed ogre
 11353 | D:11     | Found the +8 pair of quick blades "Gyre" and "Gimble"
                  | {protect}
 11365 | D:11     | Killed a two-headed ogre
 11444 | D:11     | Noticed a two-headed ogre
 11453 | D:11     | Killed a two-headed ogre
 11883 | D:12     | Noticed a two-headed ogre
 11885 | D:12     | Killed a two-headed ogre
 11977 | D:12     | Reached skill level 15 in Spellcasting
 11977 | D:12     | Reached skill level 15 in Conjurations
 11977 | D:12     | Reached skill level 15 in Hexes
 11977 | D:12     | Reached skill level 15 in Summonings
 11977 | D:12     | Reached skill level 15 in Necromancy
 11977 | D:12     | Reached skill level 15 in Translocations
 11977 | D:12     | Reached skill level 15 in Transmutations
 11977 | D:12     | Reached skill level 15 in Fire Magic
 11977 | D:12     | Reached skill level 15 in Ice Magic
 11977 | D:12     | Reached skill level 15 in Air Magic
 11977 | D:12     | Reached skill level 15 in Earth Magic
 11977 | D:12     | Reached skill level 15 in Poison Magic
 12153 | D:12     | Noticed Lodul
 12162 | D:12     | Killed from afar by Lodul

Illustrated notes

Levels and vault maps discovered:
D:1:      dpeg_arrival_concentric_ovals, layout_loops_ring
D:2:      layout_loops_corners, basic_altar, uniq_jessica
D:3:      layout_basic, gammafunk_temple_overflow_statue,
          gammafunk_temple_overflow_pools
D:4:      minmay_evil_eye, layout_cave_pools, old_standard_altar, temple_green,
          hangedman_decor_points, minmay_shop_mass
D:5:      layout_basic, mainiacjoe_overflow_six_doors_small, serial_shops,
          nicolae_shop_getting_attention, nicolae_lakefront_shop,
          nicolae_shop_industrial_runoff, shop
D:6:      layout_loops_corners, fedhas_bush_and_centaur_altar, serial_undead,
          serial_undead_b, serial_undead_b, serial_undead_d, serial_undead_d,
          serial_undead_e, uniq_duvessa, uniq_jeremiah
D:7:      layout_rooms, chei_slow_surprise, enter_bailey_2,
          nicolae_shop_i_like_big_books
D:8:      layout_layer_cave, lair_entry_dummy, hellmonk_guarded_unrand_frostbite
D:9:      layout_rooms, uniq_erica, uniq_pikel
D:10:     layout_layer_cave, serial_shops, shop
D:11:     layout_basic, serial_shops, nicolae_square_shop,
          hellmonk_guarded_unrand_gyre_and_gimble
D:12:     layout_irregular_city, orc_0_dummy, uniq_maurice, uniq_lodul

Skill      XL: |  1  2  3  4  5  6  7  8  9 10 11 12 |
---------------+-------------------------------------+-----
Spellcasting   | 4 5 6 8 10 12 13 15 | 15.0
Conjurations   | 4 5 6 8 10 12 13 15 | 15.0
Hexes          | 4 5 6 8 10 12 13 15 | 15.0
Summonings     | 4 5 6 8 10 12 13 15 | 15.0
Necromancy     | 4 5 6 8 10 12 13 15 | 15.0
Translocations | 4 5 6 8 10 12 13 15 | 15.0
Transmutations | 4 5 6 8 10 12 13 15 | 15.0
Fire Magic     | 4 5 6 8 10 12 13 15 | 15.0
Ice Magic      | 4 5 6 8 10 12 13 15 | 15.0
Air Magic      | 4 5 6 8 10 12 13 15 | 15.0
Earth Magic    | 4 5 6 8 10 12 13 15 | 15.0
Poison Magic   | 4 5 6 8 10 12 13 15 | 15.0
Dodging        | |  2.1
Stealth        | |  1.5

Action                     |  1- 3 |  4- 6 |  7- 9 | 10-12 || total
---------------------------+-------+-------+-------+-------++-------
   Cast: Shock             |    56 |    88 |    96 |    63 ||   303
         Static Discharge  |     2 |     8 |     4 |    14 ||    28
         Swiftness         |       |     1 |       |     6 ||     7
         Airstrike         |       |       |    37 |   202 ||   239
         Hailstorm         |       |       |     2 |    16 ||    18
         Foxfire           |       |       |       |     7 ||     7
         Stone Arrow       |       |       |       |     3 ||     3
 Invoke: Ancestor Life: Kn |       |       |     1 |       ||     1
 Armour: Robe              |     5 |    17 |    11 |    36 ||    69
  Dodge: Dodged            |     5 |     1 |     2 |    31 ||    39

Table legend: (Time is in decaauts)
 A = Elapsed time spent in this place.
 B = Non-inter-level travel time spent in this place.
 C = Inter-level travel time spent in this place.
 D = Time resting spent in this place.
 E = Time spent auto-exploring this place.
 F = Levels seen in this place.
 G = Mean time per level.
                   A        B        C        D        E       F      G
               +--------+--------+--------+--------+--------+-----+--------+
         Total |  12150 |  11630 |    520 |    769 |   9016 |  13 |  934.6 |
       Dungeon |  11334 |  10814 |    520 |    591 |   8721 |  12 |  944.5 |
        Bailey |    816 |    816 |      0 |    178 |    295 |   1 |  816.0 |
               +--------+--------+--------+--------+--------+-----+--------+

Top non-repeatable levels by time:
     D:8: 1701 daAuts
    D:10: 1265 daAuts
     D:6: 1260 daAuts
     D:3: 1145 daAuts
     D:4: 1061 daAuts
     D:5: 856 daAuts
     D:1: 854 daAuts
     D:2: 853 daAuts
    D:11: 844 daAuts
  Bailey: 816 daAuts
     D:7: 635 daAuts
     D:9: 495 daAuts
    D:12: 359 daAuts
